 Dungeon Crawl Stone Soup version 0.31.0-12-g77e489cdc1 (webtiles) character file.

Game seed: 15598020552816155488

1567 Gadfly the Ruffian (level 8, -1/54 HPs)
             Began as an Octopode Shapeshifter on Feb 23, 2024.
             Was an Initiate of Ashenzari.
             Slain by a gnoll sergeant
             ... wielding a +3 spear of venom
              (8 damage)
             ... on level 6 of the Dungeon.
             The game lasted 00:07:49 (4926 turns).

Gadfly the Ruffian (Octopode Shapeshifter)          Turns: 4926, Time: 00:07:50

Health: -1/54      AC:  1    Str: 15    XL:     8   Next: 90%
Magic:  8/8        EV: 14    Int: 13    God:    Ashenzari [......]
Gold:   261        SH:  0    Dex: 11    Spells: 7/7 levels left

rFire   . .          .
                       - Unarmed
rCold   . . .        (no shield)
rNeg    . . .        (helmet currently unavailable)
rPois   .            g - amulet of regeneration
rElec   .            (no ring)
rCorr   .            (no ring)
SInv    .            (no ring)
Will    .....        (no ring)
Stlth   ++           (no ring)
HPRegen 1.09/turn    (no ring)
MPRegen 0.11/turn    (no ring)
                     (no ring)

%: no passive effects
@: lethally poisoned (-1 -> -18), beast-form
A: beast (slay +2), almost no armour, amphibious, 8 rings, camouflage 1,
gelatinous body 1, (nimble swimmer 1), tentacles
a: Begin Untransformation, Renounce Religion, Curse Item


You were on level 6 of the Dungeon.
You worshipped Ashenzari.
Ashenzari was noncommittal.
You were a hulking beast.
You visited 2 branches of the dungeon, and saw 7 of its levels.

You collected 261 gold pieces.

Inventory:

Hand Weapons
 b - a +3 short sword of venom
 d - a +1 dagger of draining
Jewellery
 g - an amulet of regeneration (around mantle)
 q - an amulet of guardian spirit
 x - a ring of flight
Talismans
 c - a flux talisman
 e - a beast talisman
 r - a serpent talisman
Wands
 p - a wand of light (13)
 u - a wand of paralysis (12)
Scrolls
 f - a scroll of poison
 j - 2 scrolls of fear {unknown}
 s - a scroll of identify
 t - a scroll of vulnerability {unknown}
Potions
 a - 2 potions of lignification
 h - 2 potions of haste
 i - a potion of curing
 k - 2 potions of heal wounds
 l - a potion of attraction
 m - a potion of berserk rage
 n - a potion of enlightenment
 o - 2 potions of resistance
 v - a potion of brilliance {unknown}


   Skills:
 + Level 4.4 Fighting
 * Level 4.8 Dodging
 + Level 4.0 Shields
 * Level 5.3 Unarmed Combat
 + Level 4.5 Evocations
 * Level 4.9 Shapeshifting


You had 7 spell levels left.
You didn't know any spells.
Your spell library contained the following spells:

 Spells                   Type           Power      Damage    Failure   Level
 Magic Dart               Conj           0%         1d3       30%         1
 Searing Ray              Conj           0%         2d4       43%         2
 Fulminant Prism          Conj/Alch      0%         3d5       97%         4


Dungeon Overview and Level Annotations

Branches:
Dungeon (6/15)             Temple (1/1) D:6

Altars:
Ashenzari
Elyvilon
Fedhas
Gozag
Hepliaklqana
Makhleb
Nemelex Xobeh
Ru
Sif Muna
Uskayaw
Vehumet
Wu Jian
Xom
Yredelemnul
Zin
The Shining One
Lugonu

Shops:
D:1 *   D:2 ([   D:5 (


Innate Abilities, Weirdness & Mutations

You are a hulking beast.
Your limbs bulge with bestial killing power. (Slay +2)
You cannot wear most types of armour.
You are amphibious.
You can wear up to eight rings at the same time.
Your skin changes colour to match your surroundings (Stealth+).
Your rubbery body absorbs attacks. (AC +1, EV +1)
((You are camouflaged when in or above water. (Stealth+)))
You have tentacles for arms and can constrict up to eight enemies at once.


Message History

Found a stone staircase leading down.
No target in view!
You see here a +0 dagger.
You see here 2 stones.
Found 3 poisoned darts and a hand axe.
Found a hand axe. 2 gnoll sergeants come into view.
A gnoll sergeant is wielding a +1 spear of venom.
A gnoll sergeant is wielding a +3 spear of venom.
There are monsters nearby!
There are monsters nearby! 2 gnolls come into view.
Found a scroll of amnesia and a hand axe.
You see here 3 poisoned darts.
You see here 2 stones.
A gnoll sergeant is nearby!
A gnoll sergeant is nearby!
The gnoll sergeant hits you from afar with a +3 spear of venom.
You are poisoned.
You feel sick.
The gnoll sergeant hits you with a +3 spear of venom!
You are more poisoned.
You tentacle-slap the gnoll sergeant. You grab the gnoll sergeant.
The gnoll sergeant is moderately wounded.
You constrict the gnoll sergeant, but do no damage.
You feel very sick. The gnoll sergeant barely misses you.
You tentacle-slap the gnoll sergeant.
The gnoll sergeant is moderately wounded.
You constrict the gnoll sergeant, but do no damage.
You feel very sick.
The gnoll sergeant hits you with a +3 spear of venom!
* * * LOW HITPOINT WARNING * * *
You are lethally poisoned!
You tentacle-slap the gnoll sergeant. You squeeze the gnoll sergeant!
The gnoll sergeant is severely wounded.
You constrict the gnoll sergeant, but do no damage.
* * * LOW HITPOINT WARNING * * *
You feel extremely sick.
The gnoll sergeant hits you with a +3 spear of venom!
You die...

..# ......g(..# #.#
.g♣..)♣♣#.# #.#
g...♣ ##.# #.## ..♣
#..# ...# ) #.##
#..# #(# #..### ####
#.# #...!###
#..#####g#
.....>.###......h.##
...#.#......#####..#
...#.######.# #..#
...#.# #.# #..#
...#.######.# #..#
#..........[#####.##
.....######.......#
.#.###########.#.##
.#......>........#


You could see a gnoll sergeant.

Vanquished Creatures
  Sigmund (D:2)
  An ice beast (D:6)
  An orc warrior (D:6)
  3 ogres
  A centaur (D:5)
  2 scorpions
  2 orc priests (D:6)
  2 bombardier beetles
  4 hounds
  A sleepcap (D:4)
  2 gnoll boudas (D:6)
  2 orc wizards
  Natasha (thrice) (D:3)
  An iguana (D:4)
  Robin (D:3)
  11 gnolls
  8 adders
  A white imp (D:5)
  4 ufetubi
  11 orcs
  6 endoplasms
  4 giant cockroaches (D:3)
  15 goblins
  11 hobgoblins
  2 jackals (D:1)
  6 kobolds
  4 quokkas
  5 ball pythons
  5 bats
  4 rats
124 creatures vanquished.

Notes
Turn   | Place    | Note
-------+----------+-------------------------------------------
     0 | D:1      | Gadfly the Octopode Shapeshifter began the quest for the
                  | Orb.
     0 | D:1      | Reached XP level 1. HP: 13/13 MP: 1/1
   238 | D:1      | Found Tugriudux's General Store.
   340 | D:1      | Reached XP level 2. HP: 5/18 MP: 2/2
  1108 | D:2      | Reached XP level 3. HP: 23/23 MP: 3/3
  1278 | D:2      | Found Giacwitz's Antique Weapon Shoppe.
  1292 | D:2      | Reached skill level 1 in Evocations
  1298 | D:2      | Found Seceoc's Armour Shop.
  1372 | D:2      | Found a faded altar of an unknown god.
  1533 | D:2      | Noticed Sigmund
  1539 | D:2      | Killed Sigmund
  1540 | D:2      | Reached skill level 1 in Shields
  1540 | D:2      | Reached XP level 4. HP: 30/30 MP: 4/4
  1540 | D:2      | Reached XP level 5. HP: 35/35 MP: 5/5
  1842 | D:3      | Found a white marble altar of Elyvilon.
  2093 | D:3      | Noticed Natasha
  2103 | D:3      | Reached XP level 6. HP: 21/41 MP: 6/6
  2106 | D:3      | Killed Natasha
  2258 | D:3      | Noticed Natasha
  2262 | D:3      | Killed Natasha
  2365 | D:3      | Noticed Natasha
  2379 | D:3      | Killed Natasha
  2443 | D:3      | Noticed Robin
  2450 | D:3      | Killed Robin
  2451 | D:3      | Reached skill level 4 in Unarmed Combat
  2801 | D:4      | Reached XP level 7. HP: 30/40 MP: 7/7
  3629 | D:5      | Entered Level 5 of the Dungeon
  3629 | D:5      | Found a broken altar of Ashenzari.
  3870 | D:5      | Reached XP level 8. HP: 53/53 MP: 8/8
  3906 | D:5      | Became a worshipper of Ashenzari the Shackled
  4114 | D:5      | Found a sparkling altar of Nemelex Xobeh.
  4114 | D:5      | Found a burning altar of Makhleb.
  4114 | D:5      | Found a glowing golden altar of the Shining One.
  4114 | D:5      | Found a basalt altar of Yredelemnul.
  4114 | D:5      | Found an opulent altar of Gozag.
  4115 | D:5      | Found a blossoming altar of Fedhas.
  4120 | D:5      | Found a shimmering blue altar of Sif Muna.
  4177 | D:5      | Found Afuyn's Antique Weapon Shop.
  4220 | D:6      | Found a radiant altar of Vehumet.
  4379 | D:6      | Reached skill level 5 in Unarmed Combat
  4469 | D:6      | Found a staircase to the Ecumenical Temple.
  4481 | Temple   | Entered the Ecumenical Temple
  4926 | D:6      | Slain by a gnoll sergeant

Illustrated notes

Levels and vault maps discovered:
D:1:      scummos_arrival_forest, layout_loops_ring, serial_co_window_serial,
          co_window_paths_a, co_window_corner_a, co_window_corner_a,
          co_window_cross_1, co_window_paths_a, co_window_corner_b,
          co_window_unsneaky_path_e, co_window_broadway_b, co_window_2corner,
          glass_columns_c, glass_columns_c, glass_columns_c, serial_shops,
          nicolae_shop_real_fake_doors
D:2:      layout_loops_ring, hellmonk_ecumenical_altar_inner_sanctum,
          serial_shops, nicolae_shop_pleasant_corner_grove,
          nicolae_shop_crystal, uniq_sigmund
D:3:      layout_loops_corners, lemuel_tele_altar, uniq_natasha, uniq_robin
D:4:      layout_basic, nicolae_letterblocks [nicolae_letter_subblock,
          nicolae_letter_subblock, nicolae_letter_subblock,
          nicolae_letter_subblock, nicolae_letter_subblock,
          nicolae_letter_subblock, nicolae_letter_subblock,
          nicolae_letter_subblock, nicolae_letter_subblock,
          nicolae_letter_subblock, nicolae_letter_subblock,
          nicolae_letter_subblock, nicolae_letter_subblock,
          nicolae_letter_subblock, nicolae_letter_subblock,
          nicolae_letter_subblock, nicolae_letter_subblock,
          nicolae_letter_subblock, nicolae_letter_subblock,
          nicolae_letter_subblock, nicolae_letter_subblock,
          nicolae_letter_subblock, nicolae_letter_subblock,
          nicolae_letter_subblock, nicolae_letter_subblock]
D:5:      layout_rooms, ashenzari_conservatory_becter, minitemple, serial_shops,
          shop
D:6:      layout_loops_ring, mainiacjoe_overflow_catwalk,
          minmay_temple_entry_large_hall,
          nicolae_concentric_dashed_squares_wild, pf_guarded_unrand_woodcutter
Temple:   corrupted_temple

Skill      XL: |  1  2  3  4  5  6  7  8 |
---------------+-------------------------+-----
Evocations     | 2 3 4 |  4.5
Fighting       | 2 3 4 |  4.4
Dodging        | 3 4 |  4.8
Shields        | 1 2 3 4 |  4.0
Unarmed Combat | 4 5 |  5.3
Shapeshifting  | 4 |  4.9

Action                     |  1- 3 |  4- 6 |  7- 9 || total
---------------------------+-------+-------+-------++-------
  Melee: Unarmed           |    13 |       |    16 ||    29
         Constrict         |     9 |    21 |    35 ||    65
         Short sword       |    45 |    82 |   102 ||   229
         Tentacles         |     7 |    10 |    49 ||    66
         Punch             |       |     2 |     3 ||     5
    Use: Scroll            |     2 |     7 |     6 ||    15
         Potion            |     1 |       |     1 ||     2
   Stab: Sleeping          |     5 |     5 |     4 ||    14
 Armour: Skin              |    24 |    42 |    71 ||   137
  Dodge: Dodged            |    30 |    53 |    68 ||   151
